 Dungeon Crawl Stone Soup version 0.24.0-123-gd5b16e6ec5 (webtiles) character file.

Game seed: 38859243401377545, levelgen mode: deterministic

4 Descartes the Vexing (level 1, 0/7 HPs)
             Began as a Felid Enchanter on Feb 9, 2020.
             Slain by a hobgoblin
             ... wielding a cursed -3 club
              (4 damage)
             ... on level 1 of the Dungeon.
             The game lasted 00:00:43 (457 turns).

Descartes the Vexing (Felid Enchanter)               Turns: 457, Time: 00:00:44

Health: 0/7        AC:  1    Str:  4    XL:     1   Next: 58%
Magic:  4/4        EV: 18    Int: 16    God:
Gold:   11         SH:  0    Dex: 16    Spells: 3/4 levels left
                                        Lives:  0   Deaths: 0

rFire    . . .     SeeInvis +     - Unarmed
rCold    . . .     Gourm    .   (shield unavailable)
rNeg     . . .     Faith    .   (armour unavailable)
rPois    .         Spirit   .   (helmet unavailable)
rElec    .         Reflect  .   (cloak unavailable)
rCorr    .         Harm     .   (gloves unavailable)
MR       .....                  (boots unavailable)
Stlth    +++.......             (no amulet)
HPRegen  0.02/turn              (no ring)
MPRegen  0.09/turn              (no ring)

@: quick
A: very small, no armour, no weapons or thrown items, stealth, claws 1, fangs 3,
see invisible, carnivore, speed 1, shaggy fur 1, slow metabolism 1, sharp paws
a: no special abilities


You were on level 1 of the Dungeon.
You were full.

You visited 1 branch of the dungeon, and saw 1 of its levels.

You collected 11 gold pieces.

Inventory:

Missiles
 a - 2 stones
Scrolls
 c - a scroll of identify {unknown}
Potions
 d - a potion of curing {unknown}
Comestibles
 b - a ration


   Skills:
 - Level 2.6 Dodging
 - Level 4.0 Stealth
 + Level 1.7 Unarmed Combat
 - Level 2.0 Spellcasting
 - Level 4.4 Hexes


You had 3 spell levels left.
You knew the following spells:

 Your Spells              Type           Power        Failure   Level  Hunger
a - Corona                Hex            ###....      3%          1    #......

Your spell library contained the following spells:

 Spells                   Type           Power        Failure   Level  Hunger
 Confuse                  Hex            ###.....     11%         3    ###....
 Tukima's Dance           Hex            ###.....     11%         3    ###....
 Ensorcelled Hibernation  Hex/Ice        #.....       13%         2    ###....
 Dazzling Spray           Conj/Hex       #.....       26%         3    ###....


Dungeon Overview and Level Annotations

Branches:
Dungeon (1/15)

Altars:


Innate Abilities, Weirdness & Mutations

You cannot wear armour.
You are incapable of wielding weapons or throwing items.
Your paws allow you to move quietly. (Stealth)
You have sharp claws.
You have razor-sharp teeth.
You have supernaturally acute eyesight. (SInv)
You are carnivorous and can eat meat at any time.
You cover ground quickly.
You are covered in fur. (AC +1)
You have a slow metabolism.
Your sharp claws are effective at attacking unaware monsters.


Message History

The bat hits you but does no damage. The bat barely misses you.
The bat closely misses you. The bat closely misses you.
The bat completely misses you. The bat hits you. The bat closely misses you.
The bat misses you.
You scratch the bat but do no damage.
The bat is moderately wounded.
The bat misses you.
You miss the bat.
The bat is moderately wounded.
The bat hits you. The bat misses you. The bat barely misses you.
You barely miss the bat. The bat barely misses you.
You scratch the hobgoblin.
The hobgoblin is moderately wounded.
The hobgoblin hits you with a cursed -3 club.
Ouch! That really hurt!
You die...

...............#.......#
.............###.......#
........#....# #.......#
##......#....# #r......#
##......#....# #.......#
##...####....# #.......#
#########....# #K.....##
.............# #g#....#
.............###@#....#
......................##
.......................#
.......................#
.........###.......#.#...
.........#
#...[...#.#....
..#......#
#.......###....#
#........###.......#
.....
#..................#


You could see a hobgoblin, a kobold and a rat.

Vanquished Creatures
  2 bats (D:1)
  A frilled lizard (D:1)
  A kobold (D:1)
  2 rats (D:1)
6 creatures vanquished.

Notes
Turn   | Place    | Note
-------+----------+-------------------------------------------
     0 | D:1      | Descartes the Felid Enchanter began the quest for the Orb.
     0 | D:1      | Reached XP level 1. HP: 7/7 MP: 4/4
   457 | D:1      | Slain by a hobgoblin

Levels and vault maps discovered:
D:1:      eino_arrival_cavern_b, layout_basic

Action                   || total
-------------------------++-------
Melee: Unarmed           ||    25
       Bite              ||     4
 Stab: Sleeping          ||     3
  Eat: Chunk             ||     2
Armor: Skin              ||     4
Dodge: Dodged            ||    37
